Map: Ruinas de Endión

Players

xXkazperXx - Winner!

  • Race: Zerg Zerg
  • League: Bronze

RANURA DE IA (Difícil)

  • Race: Zerg Zerg

VOD

Have the link to the VOD?

Description

Time

  • Played on: April 8, 2016, 8:33 p.m.
  • Length: 12:42
Show
View Real Time Build Order
Export as new Build Order

xXkazperXx Zerg - Winner!

Build Orders: Pool First 

Get SALT Encoding   

  12  0:02  Drone  
  13  0:16  Drone  
  13  0:18  Overlord  
  14  0:35  Spawning Pool  
  13  0:44  Drone x2  
  15  0:50  Drone  
  15  0:55  Extractor  
  15  1:01  Drone  
  16  1:15  Drone  
  17  1:22  Queen  
  17  1:24  Zergling x2  
  20  1:28  Zergling x2  
  21  1:38  Overlord  
  21  1:48  Roach Warren  
  21  1:50  Drone  
  21  2:09  Drone  
  22  2:27  Drone x2  
  24  2:32  Roach x3  
  24  2:35  Overlord  
  30  2:54  Roach  
  32  2:59  Roach  
  32  3:05  Drone x3  
  36  3:12  Overlord  
  37  3:34  Roach x2  
  37  3:37  Roach x2  
  45  3:53  Overlord  
  45  3:54  Overlord  
  45  4:16  Roach x4  
  53  4:30  Extractor  
  52  4:37  Roach x2  
  48  5:19  Roach x5  
  48  5:21  Lair  
  40  7:11  Hydralisk Den, Zergling x8  
  37  7:42  Pneumatized Carapace  
  37  7:44  Hydralisk x3  
  37  7:48  Glial Reconstitution, Metabolic Boost  
  43  8:00  Hydralisk, Hatchery  
  30  8:21  Roach x4  
  38  8:28  Spire  
  37  8:36  Overlord  
  37  8:43  Muscular Augments  
  37  8:55  Extractor  
  36  8:58  Roach x3  
  36  8:59  Roach  
  44  9:15  Drone  
  45  9:26  Zergling x6  
  48  9:32  Roach x3  
  48  9:33  Roach  
  56  9:43  Mutalisk  
  58  10:01  Mutalisk x2  
  62  10:07  Zergling x4  
  62  10:08  Zergling x2  
  62  10:11  Hatchery  
  51  10:36  Zergling x4  
  51  10:39  Roach  
  57  10:43  Roach x3  
  57  10:46  Queen  
  57  10:48  Zerg Flyer Weapons Level 1  
  57  10:49  Lurker Den  
  63  11:03  Drone  
  64  11:05  Drone x2  
  61  11:59  Mutalisk  
  61  12:00  Mutalisk x2  
  67  12:01  Mutalisk x3  
Show
View Real Time Build Order
Export as new Build Order

RANURA DE IA (Difícil) Zerg 

Build Orders: Pool First, Zergling Baneling 

Get SALT Encoding   

  12  0:01  Drone  
  13  0:12  Overlord  
  13  0:17  Drone  
  14  0:30  Drone  
  14  0:32  Drone  
  16  0:42  Spawning Pool  
  15  0:45  Drone  
  15  0:49  Drone  
  17  0:52  Extractor  
  17  0:55  Drone  
  17  1:06  Overlord  
  17  1:30  Queen  
  17  1:31  Zergling x2  
  20  1:35  Zergling x2  
  20  1:36  Roach Warren  
  20  1:38  Drone  
  21  1:42  Extractor  
  20  1:49  Drone  
  20  1:52  Baneling Nest  
  20  2:00  Drone  
  21  2:10  Drone  
  22  2:21  Zergling x2  
  23  2:32  Drone  
  23  2:36  Baneling x2  
  24  2:37  Overlord, Zergling x2  
  24  2:41  Zergling x2  
  26  2:44  Zergling x2  
  26  2:48  Baneling x2  
  27  2:54  Drone  
  28  3:05  Zergling x2  
  29  3:08  Overlord  
  29  3:09  Zergling x2  
  29  3:12  Zergling x2  
  31  3:17  Zergling x2  
  32  3:28  Zergling x2  
  32  3:31  Baneling x2  
  33  3:38  Zergling x2  
  34  3:42  Baneling x3, Zergling x2  
  34  3:46  Zergling x2  
  36  3:49  Evolution Chamber  
  36  3:50  Zergling x2  
  36  3:52  Drone  
  37  4:03  Zergling x2  
  38  4:12  Drone  
  38  4:13  Overlord  
  38  4:14  Drone  
  38  4:15  Drone  
  41  4:25  Drone  
  42  4:36  Drone  
  43  4:43  Drone  
  44  4:57  Zergling x2  
  41  5:01  Zergling x2  
  41  5:04  Baneling  
  39  5:08  Zergling x2  
  39  5:12  Baneling x4, Zergling x2  
  40  5:16  Zergling x2  
  40  5:20  Zergling x2  
  42  5:23  Baneling, Zergling x2  
  42  5:27  Baneling  
  42  5:28  Baneling, Zergling x2  
  44  5:34  Baneling  
  43  5:44  Roach, Metabolic Boost, Overlord  
  43  5:45  Zerg Melee Weapons Level 1  
  43  5:47  Evolution Chamber  
  43  5:52  Hatchery  
  43  5:54  Roach  
  43  5:59  Lair  
  41  6:08  Ravager  
  42  6:20  Drone  
  42  6:25  Roach  
  45  6:29  Roach  
  45  6:38  Zerg Ground Armor Level 1  
  45  6:49  Roach  
  45  6:52  Zergling x2  
  41  6:56  Zergling x2  
  41  7:00  Zergling x2  
  36  7:01  Hydralisk Den  
  36  7:03  Zergling x2  
  36  7:07  Zergling x2  
  37  7:10  Drone  
  37  7:11  Zergling x2  
  37  7:14  Drone  
  40  7:21  Drone  
  36  7:23  Roach  
  36  7:27  Zergling x2  
  35  7:31  Roach  
  35  7:33  Drone  
  38  7:40  Hydralisk, Zerg Missile Weapons Level 1  
  40  7:45  Drone  
  40  7:47  Drone  
  40  7:50  Drone  
  44  7:51  Ravager  
  44  7:54  Roach  
  44  7:57  Drone  
  47  7:59  Drone  
  47  8:02  Drone  
  47  8:04  Hydralisk  
  48  8:36  Drone  
  48  8:40  Drone  
  50  8:42  Hatchery  
  50  8:44  Drone  
  50  8:47  Drone  
  51  8:50  Drone  
  51  8:54  Drone  
  53  8:58  Drone  
  53  9:00  Drone  
  55  9:04  Drone  
  56  9:10  Overlord  
  56  9:14  Drone  
  57  9:22  Drone  
  58  9:28  Burrow  
  58  9:29  Drone  
  59  9:33  Roach  
  61  9:43  Roach  
  61  9:45  Overlord  
  63  9:53  Ravager  
  63  9:54  Ravager, Roach  
  67  10:03  Roach  
  69  10:16  Hatchery  
  54  10:29  Infestation Pit  
  46  10:48  Hydralisk  
  48  10:50  Overseer  
  48  10:52  Overseer  
  46  10:57  Zergling x2  
  46  11:00  Hydralisk  
  43  11:05  Zergling x2  
  43  11:07  Hive  
  43  11:08  Hydralisk  
  38  11:17  Hydralisk  
  34  11:24  Drone  
  15  11:46  Drone  
  10  11:48  Drone  
  10  11:52  Drone  
  10  11:53  Drone x2  
  5  12:00  Drone  
  1  12:15  Drone  
  1  12:24  Drone  
Tags
 
Add a new tag
Caveats
  • Supply blocks, unpowered buildings, or Contaminate may cause inaccurate times.
  • Supply counts are checked every 10 seconds.